[ AOE2 MATCH · #507218725 ]
UnrankedCelts vs Burgundians
Player's team · WIN
[ REPLAY ANALYSIS · EXTRACTED FROM THE RECORDED GAME ]
Feudal
13:27
Castle
17:14
Imperial
31:26
| APM avg | 79.4 |
| APM peak | 131 |
| eAPM avg | 48.0 |
| Villagers / military | 213 / 185 |
Focus
⚔️ 57.7% · 🌾 42.3%
Spearman ×132 · Scorpion ×22 · Battering Ram ×8 · Trebuchet (Packed) ×8 · Monk ×7 · Knight ×4
Feudal
9:47
Castle
18:45
Imperial
32:21
| APM avg | 42.6 |
| APM peak | 67 |
| eAPM avg | 22.9 |
| Villagers / military | 120 / 59 |
Focus
⚔️ 33.0% · 🌾 67.0%
Hand Cannoneer ×26 · Knight ×24 · Scout Cavalry ×3 · Flemish Militia ×3 · Monk ×1 · Bombard Cannon ×1
Match map
Initial resources + every placement click. Lines = walls · curves = elevation contours. ◆ gold · ⬟ stone · ● berries · ✦ relic · ◌ wall gap
Your base· ✓ Closed at 17:14 · 116t walls · 1 gate(s)
LilyBear's base· Open — opponent sealed themselves in
Smoothed initial terrain · ◌ = detected wall gap · hover for details
Inputs per minute
— Sóc Min - - LilyBear
Build order — Sóc Min
First 150 of 502 actions detected
| 0:00 | Queue | Villager (Male) ×4 |
| 0:02 | Build | House |
| 0:03 | Build | House |
| 1:28 | Queue | Villager (Male) |
| 1:28 | Queue | Villager (Male) |
| 2:00 | Queue | Villager (Male) |
| 2:21 | Build | Lumber Camp |
| 2:22 | Queue | Villager (Male) |
| 2:23 | Queue | Villager (Male) |
| 2:48 | Queue | Villager (Male) |
| 2:48 | Queue | Villager (Male) |
| 3:09 | Queue | Villager (Male) |
| 3:09 | Queue | Villager (Male) |
| 3:24 | Build | House |
| 3:58 | Queue | Villager (Male) |
| 4:25 | Queue | Villager (Male) |
| 4:51 | Queue | Villager (Male) |
| 5:11 | Build | Barracks |
| 5:13 | Research | Loom |
| 5:14 | Research | Loom |
| 5:49 | Build | House |
| 5:51 | Queue | Villager (Male) |
| 5:58 | Build | Palisade Wall |
| 6:05 | Queue | Militia |
| 6:05 | Queue | Militia |
| 6:05 | Queue | Militia |
| 6:08 | Queue | Villager (Male) |
| 6:15 | Build | Palisade Wall |
| 6:17 | Build | Palisade Wall |
| 6:23 | Build | Palisade Wall |
| 6:25 | Queue | Villager (Male) |
| 6:32 | Build | Palisade Wall |
| 6:37 | Queue | Villager (Male) |
| 7:01 | Queue | Villager (Male) |
| 7:05 | Build | House |
| 7:28 | Queue | Villager (Male) |
| 7:32 | Build | Palisade Wall |
| 7:36 | Build | Palisade Wall |
| 7:46 | Build | Mill |
| 7:50 | Build | Mill |
| 7:52 | Queue | Villager (Male) |
| 8:16 | Build | Palisade Wall |
| 8:26 | Build | House |
| 8:30 | Queue | Villager (Male) |
| 8:33 | Build | Palisade Wall |
| 8:35 | Build | Palisade Wall |
| 8:53 | Build | House |
| 9:06 | Queue | Villager (Male) |
| 9:08 | Build | Farm |
| 9:26 | Build | Palisade Wall |
| 9:27 | Build | Palisade Wall |
| 9:29 | Build | Palisade Wall |
| 9:30 | Build | Palisade Wall |
| 9:31 | Build | Palisade Wall |
| 9:34 | Queue | Villager (Male) |
| 9:49 | Queue | Villager (Male) |
| 9:59 | Build | House |
| 10:06 | Build | Farm |
| 10:10 | Queue | Villager (Male) |
| 10:29 | Build | House |
| 10:48 | Queue | Villager (Male) |
| 10:53 | Build | Mining Camp |
| 10:59 | Build | Palisade Wall |
| 11:02 | Build | Palisade Wall |
| 11:04 | Build | Palisade Wall |
| 11:17 | Research | Feudal Age |
| 11:17 | Research | Feudal Age |
| 11:38 | Build | Farm |
| 11:57 | Build | Farm |
| 12:14 | Build | House |
| 12:21 | Build | Farm |
| 12:48 | Build | House |
| 12:52 | Queue | Villager (Male) |
| 13:27 | Age | Feudal Age |
| 13:32 | Build | Blacksmith |
| 13:38 | Build | Market |
| 13:42 | Queue | Villager (Male) |
| 14:00 | Build | House |
| 14:08 | Build | House |
| 14:09 | Build | House |
| 14:10 | Build | House |
| 14:30 | Research | Double-Bit Axe |
| 14:30 | Research | Double-Bit Axe |
| 14:34 | Research | Castle Age |
| 14:35 | Research | Castle Age |
| 14:35 | Research | Castle Age |
| 15:05 | Build | Stable |
| 15:09 | Build | Stable |
| 15:34 | Build | Palisade Gate |
| 15:40 | Research | Horse Collar |
| 15:40 | Research | Gold Mining |
| 15:40 | Research | Gold Mining |
| 15:43 | Research | Gold Mining |
| 15:44 | Research | Gold Mining |
| 15:50 | Build | House |
| 16:04 | Build | Farm |
| 16:22 | Build | Farm |
| 16:33 | Queue | Scout Cavalry |
| 16:55 | Build | House |
| 16:57 | Queue | Villager (Male) |
| 17:04 | Build | Farm |
| 17:06 | Build | Farm |
| 17:08 | Build | Farm |
| 17:14 | Age | Castle Age |
| 17:15 | Research | Bow Saw |
| 17:16 | Research | Bow Saw |
| 17:16 | Research | Bow Saw |
| 17:16 | Queue | Knight |
| 17:30 | Queue | Villager (Male) |
| 17:30 | Queue | Villager (Male) |
| 17:30 | Queue | Villager (Male) |
| 17:34 | Build | Monastery |
| 17:43 | Build | House |
| 17:53 | Build | Farm |
| 17:55 | Build | Farm |
| 18:01 | Queue | Knight |
| 18:02 | Queue | Villager (Male) |
| 18:12 | Build | Farm |
| 18:17 | Queue | Monk |
| 18:30 | Queue | Knight |
| 18:43 | Build | House |
| 18:58 | Queue | Villager (Male) |
| 19:01 | Build | Town Center |
| 19:02 | Queue | Monk |
| 19:19 | Build | House |
| 19:19 | Queue | Villager (Male) |
| 19:37 | Build | Farm |
| 19:39 | Queue | Villager (Male) |
| 19:57 | Queue | Monk |
| 19:59 | Queue | Villager (Male) |
| 20:04 | Build | Town Center |
| 20:16 | Queue | Monk |
| 20:27 | Queue | Villager (Male) |
| 20:29 | Research | Heavy Plow |
| 20:29 | Research | Heavy Plow |
| 20:50 | Queue | Villager (Male) |
| 20:51 | Queue | Villager (Male) |
| 20:53 | Build | Farm |
| 20:53 | Build | Farm |
| 20:55 | Build | Farm |
| 20:58 | Queue | Villager (Male) |
| 20:58 | Queue | Villager (Male) |
| 21:12 | Queue | Villager (Male) |
| 21:15 | Build | Farm |
| 21:18 | Queue | Villager (Male) |
| 21:19 | Queue | Villager (Male) |
| 21:21 | Queue | Villager (Male) ×2 |
| 21:21 | Queue | Villager (Male) ×2 |
| 21:21 | Queue | Villager (Male) ×2 |
| 21:40 | Queue | Villager (Male) |
Build order — LilyBear
First 150 of 345 actions detected
| 0:05 | Queue | Villager (Male) |
| 0:06 | Queue | Villager (Male) |
| 0:08 | Build | House |
| 0:09 | Build | House |
| 0:12 | Queue | Villager (Male) |
| 0:14 | Queue | Villager (Male) |
| 1:27 | Queue | Villager (Male) |
| 1:52 | Build | Lumber Camp |
| 2:03 | Queue | Villager (Male) |
| 2:24 | Queue | Villager (Male) |
| 3:01 | Queue | Villager (Male) |
| 3:01 | Queue | Villager (Male) |
| 3:15 | Research | Double-Bit Axe |
| 3:27 | Queue | Villager (Male) |
| 3:27 | Queue | Villager (Male) |
| 3:49 | Queue | Villager (Male) |
| 3:49 | Queue | Villager (Male) |
| 3:57 | Build | House |
| 4:14 | Queue | Villager (Male) |
| 4:18 | Queue | Villager (Male) |
| 4:47 | Queue | Villager (Male) |
| 4:55 | Queue | Villager (Male) |
| 5:20 | Queue | Villager (Male) |
| 5:35 | Build | Mill |
| 5:40 | Build | House |
| 5:42 | Build | House |
| 6:07 | Queue | Villager (Male) |
| 6:25 | Build | House |
| 6:30 | Research | Loom |
| 6:32 | Queue | Villager (Male) |
| 6:33 | Research | Loom |
| 7:03 | Build | Palisade Wall |
| 7:25 | Build | Palisade Wall |
| 7:36 | Research | Feudal Age |
| 9:03 | Build | Mill |
| 9:08 | Build | Barracks |
| 9:28 | Queue | Villager (Male) |
| 9:47 | Age | Feudal Age |
| 9:55 | Build | Stable |
| 10:04 | Queue | Villager (Male) |
| 10:09 | Research | Bow Saw |
| 10:27 | Queue | Villager (Male) |
| 10:48 | Queue | Scout Cavalry |
| 10:51 | Research | Horse Collar |
| 10:51 | Research | Horse Collar |
| 10:51 | Queue | Villager (Male) |
| 10:54 | Build | Farm |
| 10:58 | Build | House |
| 11:04 | Queue | Villager (Male) |
| 11:07 | Build | Farm |
| 11:20 | Build | Farm |
| 11:29 | Build | Farm |
| 11:34 | Queue | Villager (Male) |
| 11:47 | Build | Palisade Wall |
| 11:52 | Build | Farm |
| 11:53 | Queue | Villager (Male) |
| 11:59 | Build | Farm |
| 12:04 | Build | House |
| 12:09 | Queue | Villager (Male) |
| 12:14 | Build | Farm |
| 12:16 | Build | Farm |
| 12:25 | Build | House |
| 12:39 | Build | Mining Camp |
| 12:49 | Queue | Villager (Male) |
| 13:17 | Build | Blacksmith |
| 13:24 | Queue | Villager (Male) |
| 13:44 | Queue | Villager (Male) |
| 13:49 | Build | Farm |
| 14:00 | Build | Palisade Wall |
| 14:05 | Build | Farm |
| 14:09 | Queue | Villager (Male) |
| 14:36 | Build | House |
| 14:38 | Build | House |
| 14:39 | Build | House |
| 14:43 | Queue | Villager (Male) |
| 14:59 | Build | Farm |
| 15:02 | Build | Farm |
| 15:10 | Queue | Villager (Male) |
| 15:20 | Build | Farm |
| 15:35 | Build | Farm |
| 16:02 | Build | House |
| 16:05 | Research | Castle Age |
| 16:29 | Queue | Flemish Militia |
| 16:32 | Research | Gold Mining |
| 16:42 | Build | Stable |
| 16:46 | Queue | Flemish Militia |
| 17:08 | Queue | Flemish Militia |
| 17:38 | Build | House |
| 17:40 | Research | Forging |
| 18:16 | Build | Palisade Wall |
| 18:20 | Build | Palisade Wall |
| 18:39 | Build | Palisade Wall |
| 18:40 | Build | Palisade Wall |
| 18:42 | Build | House |
| 18:43 | Build | Palisade Wall |
| 18:45 | Age | Castle Age |
| 18:47 | Queue | Knight |
| 18:47 | Queue | Knight |
| 18:49 | Queue | Villager (Male) |
| 18:52 | Research | Two-Man Saw |
| 18:59 | Build | House |
| 19:00 | Build | Palisade Wall |
| 19:05 | Build | House |
| 19:09 | Build | Palisade Gate |
| 19:18 | Build | Palisade Wall |
| 19:19 | Build | Palisade Wall |
| 19:27 | Queue | Villager (Male) |
| 19:27 | Queue | Villager (Male) |
| 19:39 | Queue | Knight |
| 19:39 | Queue | Knight |
| 19:59 | Queue | Villager (Male) |
| 20:24 | Queue | Villager (Male) |
| 20:39 | Research | Light Cavalry (upgrade) |
| 20:44 | Build | Town Center |
| 20:46 | Queue | Scout Cavalry |
| 20:46 | Queue | Scout Cavalry |
| 20:47 | Queue | Villager (Male) |
| 21:15 | Queue | Villager (Male) |
| 21:38 | Queue | Villager (Male) |
| 21:45 | Research | Wheelbarrow |
| 21:46 | Research | Wheelbarrow |
| 22:05 | Queue | Villager (Male) |
| 22:11 | Queue | Villager (Male) |
| 22:17 | Queue | Villager (Male) |
| 22:24 | Queue | Villager (Male) |
| 22:30 | Queue | Villager (Male) |
| 22:36 | Queue | Villager (Male) |
| 22:39 | Build | Lumber Camp |
| 22:43 | Queue | Villager (Male) |
| 22:46 | Build | Town Center |
| 22:54 | Queue | Villager (Male) |
| 23:06 | Build | Farm |
| 23:08 | Research | Heavy Plow |
| 23:19 | Build | Farm |
| 23:27 | Queue | Villager (Male) |
| 23:36 | Queue | Villager (Male) |
| 23:51 | Build | Mining Camp |
| 23:58 | Queue | Villager (Male) |
| 24:02 | Build | Monastery |
| 24:07 | Queue | Villager (Male) |
| 24:09 | Build | Farm |
| 24:10 | Build | Farm |
| 24:13 | Research | Stone Mining |
| 24:24 | Queue | Villager (Male) |
| 24:38 | Queue | Villager (Male) |
| 24:40 | Build | Farm |
| 24:40 | Build | Farm |
| 24:41 | Build | Farm |
| 24:51 | Queue | Monk |
| 24:58 | Queue | Villager (Male) |
Match timeline
| 5:11 | Sóc Min · first_building Barracks |
| 5:58 | Sóc Min · wall_segment Palisade Wall x12 |
| 6:15 | Sóc Min · wall_segment Palisade Wall x10 |
| 6:17 | Sóc Min · wall_segment Palisade Wall x5 |
| 6:23 | Sóc Min · wall_segment Palisade Wall x11 |
| 6:32 | Sóc Min · wall_segment Palisade Wall x14 |
| 7:03 | LilyBear · wall_segment Palisade Wall x5 |
| 7:25 | LilyBear · wall_segment Palisade Wall x1 |
| 7:32 | Sóc Min · wall_segment Palisade Wall x7 |
| 7:36 | Sóc Min · wall_segment Palisade Wall x8 |
| 8:16 | Sóc Min · wall_segment Palisade Wall x5 |
| 8:33 | Sóc Min · wall_segment Palisade Wall x4 |
| 8:35 | Sóc Min · wall_segment Palisade Wall x5 |
| 9:08 | LilyBear · first_building Barracks |
| 9:26 | Sóc Min · wall_segment Palisade Wall x10 |
| 9:27 | Sóc Min · wall_segment Palisade Wall x4 |
| 9:29 | Sóc Min · wall_segment Palisade Wall x3 |
| 9:30 | Sóc Min · wall_segment Palisade Wall x1 |
| 9:31 | Sóc Min · wall_segment Palisade Wall x1 |
| 9:47 | LilyBear · age_up feudal |
| 9:55 | LilyBear · first_building Stable |
| 10:59 | Sóc Min · wall_segment Palisade Wall x1 |
| 11:02 | Sóc Min · wall_segment Palisade Wall x14 |
| 11:04 | Sóc Min · wall_segment Palisade Wall x16 |
| 11:47 | LilyBear · wall_segment Palisade Wall x1 |
| 13:27 | Sóc Min · age_up feudal |
| 14:00 | LilyBear · wall_segment Palisade Wall x7 |
| 15:05 | Sóc Min · first_building Stable |
| 17:14 | Sóc Min · age_up castle |
| 17:20 | Sóc Min · first_market_buy 100 wood |
| 17:34 | Sóc Min · first_building Monastery |
| 18:16 | LilyBear · wall_segment Palisade Wall x1 |
| 18:20 | LilyBear · wall_segment Palisade Wall x1 |
| 18:39 | LilyBear · wall_segment Palisade Wall x1 |
| 18:40 | LilyBear · wall_segment Palisade Wall x1 |
| 18:43 | LilyBear · wall_segment Palisade Wall x1 |
| 18:45 | LilyBear · age_up castle |
| 19:00 | LilyBear · wall_segment Palisade Wall x1 |
| 19:18 | LilyBear · wall_segment Palisade Wall x1 |
| 19:19 | LilyBear · wall_segment Palisade Wall x1 |
| 24:02 | LilyBear · first_building Monastery |
| 27:49 | LilyBear · first_building Castle |
| 30:08 | Sóc Min · first_building Castle |
| 30:27 | LilyBear · first_building Archery Range |
| 31:26 | Sóc Min · age_up imperial |
| 31:52 | Sóc Min · first_building Siege Workshop |
| 32:21 | LilyBear · age_up imperial |
| 33:05 | LilyBear · first_building Siege Workshop |
| 35:59 | LilyBear · first_market_sell 100 food |
| 36:34 | Sóc Min · first_market_sell 500 food |
| 38:19 | LilyBear · resign |
[ AI ANALYSIS · 1 CREDIT ]
What really happened in this match?
Wolo.gg analyzes every decision: build order, eco, micro, common mistakes by bracket. Personalized analysis on WhatsApp or Discord in 30 seconds.
Civ guide
Celts
Perfil
Jugador #3580150